 Dungeon Crawl Stone Soup version 0.30-a0-1116-gebefce21f7 (webtiles) character file.

Game seed: 15441085156948296112

46 holysushi the Cutter (level 3, -2/28 (29) HPs)
             Began as a Demonspawn Monk on Apr 21, 2023.
             Slain by a goblin
             ... wielding a +0 dagger
             ... led by Robin
              (5 damage)
             ... on level 2 of the Dungeon.
             The game lasted 00:01:03 (690 turns).

holysushi the Cutter (Demonspawn Monk)               Turns: 690, Time: 00:01:04

HP:   -2/28 (29)    AC:  4    Str: 11    XL:     3   Next: 44%
MP:   3/3           EV: 18    Int: 11    God:
Gold: 37            SH:  0    Dex: 17    Spells: 2/2 levels left

rFire   . . .      SeeInvis .    a - +0 short sword
rCold   . . .      Faith    .    d - orb {light}
rNeg    . . .      Spirit   .    b - +0 robe
rPois   .          Reflect  .    (no helmet)
rElec   .          Rampage  .    (no cloak)
rCorr   .                        (no gloves)
Will    .....                    j - +0 pair of boots
Stlth   +                        (no amulet)
HPRegen 0.24/turn                f - +5 ring of evasion
MPRegen 0.08/turn                (no ring)

@: confused, ambrosia-drunk, glowing, lightly drained
A: rugged brown scales 1
a: no special abilities


You were on level 2 of the Dungeon.
You visited 1 branch of the dungeon, and saw 2 of its levels.

You collected 37 gold pieces.

Inventory:

Hand Weapons
 a - a +0 short sword (weapon)
Armour
 b - a +0 robe (worn)
 d - an orb of light (worn)
 j - a +0 pair of boots (worn)
Jewellery
 f - a +5 ring of evasion (left hand)
Scrolls
 e - a scroll of noise {unknown}
 h - a scroll of identify {unknown}
 k - a scroll of immolation {unknown}
 l - a scroll of poison {unknown}
 m - 2 scrolls of magic mapping {unknown}
 n - a scroll of torment {unknown}
Potions
 c - a potion of ambrosia
 g - a potion of flight {unknown}
 i - 2 potions of curing {unknown}


   Skills:
 - Level 3.0 Fighting
 + Level 4.1 Short Blades
 - Level 2.6 Dodging


You had 2 spell levels left.
You didn't know any spells.
Your spell library contained the following spells:

 Spells                   Type           Power      Damage    Failure   Level
 Call Canine Familiar     Summ           0%         N/A       71%         3
 Portal Projectile        Hex/Tloc       0%         N/A       71%         3
 Leda's Liquefaction      Hex/Erth       0%         N/A       98%         4


Dungeon Overview and Level Annotations

Branches:
Dungeon (2/15) Zot: 11334

Altars:

Annotations:
D:2 Robin


Innate Abilities, Weirdness & Mutations

You are partially covered in rugged brown scales. (AC +1, +3% HP)


Message History

The goblin completely misses you.
A jackal comes into view.
You hit the goblin.
You kill the goblin!
The goblin closely misses you. x2
The goblin attacks as you move away! The goblin misses you.
A goblin comes into view. It is wielding a +0 dagger of freezing.
The goblin hits you but does no damage.
The goblin unwields a +0 dagger.
The goblin wields a +0 sling.
The goblin shoots a sling bullet.
The sling bullet barely misses you.
The goblin unwields a +2 dagger of draining.
The goblin wields a +0 sling.
The goblin shoots a sling bullet.
The sling bullet hits you.
Things that are here:
a +0 dagger; a goblin corpse The goblin hits you with a +0 club.
Robin throws the goblin at you!
A jackal comes into view.
You barely miss the goblin.
The jackal barks!
The goblin shoots a sling bullet.
The sling bullet misses you.
The goblin shoots a sling bullet.
The sling bullet misses you.
The sling bullet misses the goblin.
The goblin closely misses you. The goblin hits you with a +0 club.
The goblin hits you with a +0 dagger. The goblin barely misses you.
Robin throws the goblin at you!
You barely miss the goblin.
The goblin hits you with a +0 dagger of freezing.
* * * LOW HITPOINT WARNING * * *
The goblin freezes you.
* * * LOW HITPOINT WARNING * * *
The goblin barely misses you. The goblin misses you.
You hit the goblin but do no damage.
You are confused.
You feel invigorated.
The goblin hits you with a +0 dagger of freezing.
* * * LOW HITPOINT WARNING * * *
The goblin freezes you.
* * * LOW HITPOINT WARNING * * *
The goblin hits you with a +0 dagger.
You die...

..##.# ..# .....#
.!# #.#..####..#
#### #.#..#.....#
.....# #.#........#
.....#
#.....#.#g.#..
.....#
#........g....
.....#
#..>.g@g####.#..#
.....#
#.#.#.gggg.hgh..#
.....#
###)#.######g#r#.g#
.....####.....##
.h.
.....).........#
####
#..............#
#..............#
#................
#.....#######.....


You could see Robin, a quokka, 3 jackals, 4 hobgoblins and 5 goblins.

Vanquished Creatures
  An adder (D:2)
  3 ball pythons (D:1)
  2 giant cockroaches (D:1)
  5 hobgoblins (D:1)
  7 jackals
  A kobold (D:2)
  A quokka (D:1)
  4 bats (D:1)
  3 frilled lizards
  4 goblins
31 creatures vanquished.

Notes
Turn   | Place    | Note
-------+----------+-------------------------------------------
     0 | D:1      | holysushi the Demonspawn Monk began the quest for the Orb.
     0 | D:1      | Reached XP level 1. HP: 18/18 MP: 1/1
    54 | D:1      | Reached skill level 3 in Short Blades
    65 | D:1      | Gained mutation: You are partially covered in rugged brown
                  | scales. (AC +1, +3% HP) [demonic ancestry]
    65 | D:1      | Reached XP level 2. HP: 14/24 MP: 2/2
   588 | D:2      | Reached XP level 3. HP: 23/29 MP: 3/3
   618 | D:2      | Reached skill level 4 in Short Blades
   673 | D:2      | Noticed Robin
   690 | D:2      | Slain by a goblin

Illustrated notes

Levels and vault maps discovered:
D:1:      tarquinn_simple_flora_water_f, layout_rooms
D:2:      layout_basic, minmay_heptomino_l4, uniq_robin

Skill      XL: |  1  2  3 |
---------------+----------+-----
Short Blades   | 3 4 |  4.1
Fighting       | |  3.0
Dodging        | |  2.6

Action                     || total
---------------------------++-------
  Melee: Short sword       ||   136
    Use: Potion            ||     1
 Armour: Robe              ||    24
  Dodge: Dodged            ||   143

Table legend: (Time is in decaauts)
 A = Elapsed time spent in this place.
 B = Non-inter-level travel time spent in this place.
 C = Inter-level travel time spent in this place.
 D = Time resting spent in this place.
 E = Time spent auto-exploring this place.
 F = Levels seen in this place.
 G = Mean time per level.
                   A        B        C        D        E       F      G
               +--------+--------+--------+--------+--------+-----+--------+
         Total |    664 |    643 |     21 |      0 |    380 |   2 |  332.0 |
       Dungeon |    664 |    643 |     21 |      0 |    380 |   2 |  332.0 |
               +--------+--------+--------+--------+--------+-----+--------+

Top non-repeatable levels by time:
     D:1: 545 daAuts
     D:2: 119 daAuts
